 Dungeon Crawl Stone Soup version 0.28.0-53-g5a82cb258f (webtiles) character file.

Game seed: 16454380683783042490

4499 Plasmagod the Slicer (level 10, -4/57 (60) HPs)
             Began as a Tengu Fighter on July 12, 2022.
             Was a Priest of Ru.
             Slain by a wyvern (10 damage)
             ... on level 8 of the Dungeon.
             The game lasted 00:47:15 (8972 turns).

Plasmagod the Slicer (Tengu Fighter)                Turns: 8972, Time: 00:47:16

HP:   -4/57 (60)    AC: 12    Str: 22    XL:     10   Next: 38%
MP:   11/11         EV: 13    Int:  8    God:    Ru [***...]
Gold: 334           SH:  6    Dex: 19    Spells: 9/9 levels left

rFire   . . .      SeeInvis .   f - +5 short sword
rCold   . . .      Faith    .   c - +0 buckler
rNeg    . . .      Spirit   .   b - +0 scale mail
rPois   .          Reflect  .   (helmet restricted)
rElec   .          Harm     .   a - +0 cloak
rCorr   +          Rampage  .   g - +1 pair of gloves
Will    .....                   (boots unavailable)
Stlth   +.........              (no amulet)
HPRegen 0.19/turn               k - ring of resist corrosion
MPRegen 0.12/turn               d - +6 ring of dexterity

@: exhausted, unable to drink, flying quickly and evasively, drained, quick
A: beak, talons 3, inability to drink while threatened, inability to use
devices, nimble flight
a: Renounce Religion, Draw Out Power


You were on level 8 of the Dungeon.
You worshipped Ru.
Ru was most pleased with you.
You visited 2 branches of the dungeon, and saw 9 of its levels.

You collected 334 gold pieces.

Inventory:

Hand Weapons
 f - a +5 short sword (weapon)
 j - a +2 short sword of holy wrath
 v - a +0 hunting sling
Missiles
 e - 34 bolts
 h - 95 sling bullets
 n - a throwing net
 q - 4 javelins (quivered)
Armour
 a - a +0 cloak (worn)
 b - a +0 scale mail (worn)
 c - a +0 buckler (worn)
 g - a +1 pair of gloves (worn)
Jewellery
 d - a +6 ring of dexterity (right hand)
 k - a ring of resist corrosion (left hand)
 r - a ring of protection from cold
 s - a ring of wizardry
 u - an amulet of faith
 x - the amulet "Nograarph" {Reflect +Inv rC++ Dex-4 SH+5}
   (You found it on level 7 of the Dungeon)

   [amulet of reflection]

   It reflects blocked missile attacks.
   Dex:       It affects your dexterity (-4).
   rC:        It greatly protects you from cold.
   +Inv:      It lets you turn invisible.
   SH:        It affects your SH (+5).
Scrolls
 i - 3 scrolls of identify
 o - a scroll of magic mapping
Potions
 l - 2 potions of resistance
 m - 3 potions of attraction
 p - a potion of invisibility


   Skills:
 + Level 5.9 Fighting
 + Level 9.2(9.4) Short Blades
 + Level 2.8(6.5) Long Blades
 * Level 5.9 Slings
 + Level 8.4 Armour
 + Level 3.1 Dodging
 + Level 2.7 Stealth
 + Level 5.1 Shields


You had 9 spell levels left.
You didn't know any spells.
Your spell library contained the following spells:

 Spells                   Type           Power      Damage    Failure   Level
 Blink                    Tloc           0%         N/A       89%         2
 Call Canine Familiar     Summ           0%         N/A       98%         3
 Lesser Beckoning         Tloc           0%         N/A       98%         3
 Portal Projectile        Hex/Tloc       0%         N/A       98%         3
 Leda's Liquefaction      Hex/Erth       0%         N/A       100%        4
 Manifold Assault         Tloc           0%         N/A       100%        5


Dungeon Overview and Level Annotations

Branches:
Dungeon (8/15)             Temple (1/1) D:4
   Lair: D:8-11

Altars:
Ashenzari
Cheibriados
Dithmenos
Elyvilon
Fedhas
Gozag
Hepliaklqana
Kikubaaqudgha
Makhleb
Nemelex Xobeh
Okawaru
Qazlal
Ru
Sif Muna
Trog
Uskayaw
Vehumet
Wu Jian
Xom
Yredelemnul
The Shining One

Shops:
D:5 *

Annotations:
D:5 1 runed translucent door, Sensen's ghost, novice HOMo
D:7 1 exclusion


Innate Abilities, Weirdness & Mutations

You have a beak for a mouth.
You have claws for feet.
You sometimes lose the ability to drink potions when taking damage.
You cannot study or use magical devices.
Your magical nature lets you fly swiftly and evasively.


Message History

You puncture the killer bee! You claw the killer bee.
The killer bee is almost dead.
You feel sick. The killer bee closely misses you. The killer bee misses you.
The wyvern is stunned by your conviction and fails to attack.
You puncture the killer bee!
You kill the killer bee!
You feel sick. The wyvern barely misses you.
Your Dodging skill increases to level 3!
Okay, then.
Okay, then.
You are restored by drawing out deep reserves of power within.
You feel drained.
You feel sick.
You are no longer poisoned.
The wyvern bites you but does no damage.
The wyvern barely misses you.
You hit the wyvern but do no damage. You claw the wyvern!
The wyvern is moderately wounded.
You hit the wyvern but do no damage. You claw the wyvern, but do no damage.
Your peck misses the wyvern.
The wyvern is moderately wounded.
The wyvern bites you!
You feel threatened and lose the ability to drink potions!
You hit the wyvern. You claw the wyvern. Your peck misses the wyvern.
The wyvern is heavily wounded.
The wyvern is stunned by your conviction and fails to attack.
You hit the wyvern but do no damage. Your peck misses the wyvern.
The wyvern is heavily wounded.
You block the wyvern's attack.
You barely miss the wyvern. You peck the wyvern.
The wyvern is severely wounded.
The wyvern barely misses you.
You hit the wyvern. Your peck misses the wyvern.
The wyvern is severely wounded.
The wyvern bites you but does no damage.
You barely miss the wyvern. Your kick misses the wyvern.
The wyvern is severely wounded.
The wyvern bites you!
* * * LOW HITPOINT WARNING * * *
The wyvern bites you!
You die...

##..# #..##........#
#...#........#
#...#........#
#...#........# ......# ..
#...#........# .....#
....#...#........# ....#
....#..l#........# #...#
...###@#........#
##...#####.......########
#....[...#.......#
#........'.......#
#...)....#.......#
##.......#.......#
.##.......#..)....#
...........#.......#
...........#.......#


You could see a wyvern.

Vanquished Creatures
  Pikel (D:6)
  A troll (D:5)
  A shadow (D:7)
  A yak (D:7)
  2 steam dragons (D:6)
  2 water moccasins
  4 black bears
  An orc warrior (D:8)
  A necrophage (D:7)
  2 sky beasts
  3 ogres
  2 centaurs
  Blork the orc (D:5)
  8 bullfrogs
  A gnoll sergeant (D:7)
  A scorpion (D:4)
  2 killer bees (D:8)
  A howler monkey (D:5)
  A wight (D:6)
  2 centaur zombies
  2 hounds
  A jelly (D:7)
  2 gnoll shamans (D:6)
  2 orc priests
  4 centaur skeletons
  Jessica (D:3)
  An iguana (D:6)
  8 orc wizards
  16 gnolls
  12 adders
  2 white imps
  An ufetubus (D:5)
  An adder zombie (D:5)
  2 worms
  3 dart slugs
  22 orcs
  9 ball pythons
  5 bats
  7 endoplasms
  4 giant cockroaches
  5 goblins
  10 hobgoblins
  3 jackals (D:3)
  6 kobolds
  A quokka (D:1)
  3 frilled lizards
  A quokka skeleton (D:4)
  4 rats
176 creatures vanquished.

Vanquished Creatures (others)
  A killer bee (D:8)
  A hound (D:6)
  A killer bee zombie (D:8)
  A gnoll (D:6)
  A fungus (D:8)
  2 plants (D:5)
7 creatures vanquished.

Grand Total: 183 creatures vanquished

Notes
Turn   | Place    | Note
-------+----------+-------------------------------------------
     0 | D:1      | Plasmagod the Tengu Fighter began the quest for the Orb.
     0 | D:1      | Reached XP level 1. HP: 14/14 MP: 2/2
   292 | D:1      | Reached XP level 2. HP: 19/19 MP: 3/3
   871 | D:1      | Reached XP level 3. HP: 23/23 MP: 4/4
  1497 | D:2      | Found a faded altar of an unknown god.
  1583 | D:2      | Reached XP level 4. HP: 24/28 MP: 5/5
  2089 | D:3      | Noticed Jessica
  2133 | D:3      | Reached skill level 1 in Short Blades
  2159 | D:3      | Found a radiant altar of Vehumet.
  2465 | D:3      | Killed Jessica
  2466 | D:3      | Reached skill level 2 in Short Blades
  2505 | D:3      | Noticed an ogre
  2520 | D:3      | Killed an ogre
  2521 | D:3      | Reached skill level 3 in Short Blades
  2521 | D:3      | Gained mutation: Your magical nature lets you fly swiftly
                  | and evasively. [Tengu growth]
  2521 | D:3      | Reached XP level 5. HP: 29/32 MP: 6/6
  2709 | D:3      | Found a shimmering blue altar of Sif Muna.
  2840 | D:3      | Reached skill level 5 in Armour
  2953 | D:3      | Reached XP level 6. HP: 37/37 MP: 7/7
  3290 | D:4      | Reached skill level 4 in Short Blades
  3515 | D:4      | Found a staircase to the Ecumenical Temple.
  3530 | Temple   | Entered the Ecumenical Temple
  3576 | Temple   | Became a worshipper of Ru the Awakened
  3972 | D:5      | Entered Level 5 of the Dungeon
  4023 | D:5      | Noticed a troll
  4027 | D:5      | Killed a troll
  4028 | D:5      | Reached skill level 5 in Short Blades
  4028 | D:5      | Reached XP level 7. HP: 37/42 MP: 8/8
  4085 | D:5      | Noticed Blork the orc
  4097 | D:5      | Killed Blork the orc
  4098 | D:5      | Reached skill level 1 in Dodging
  4459 | D:5      | Found a blossoming altar of Fedhas.
  4468 | D:5      | Found an iron altar of Okawaru.
  4580 | D:5      | Found an opulent altar of Gozag.
  4646 | D:5      | Found Riceit's General Store.
  4664 | D:5      | Gained mutation: You cannot study or use magical devices.
                  | [Ru sacrifice]
  4664 | D:5      | Reached * piety under Ru
  4664 | D:5      | Reached ** piety under Ru
  4740 | D:5      | Found a runed translucent door.
  4745 | D:5      | Noticed Sensen's ghost (novice HOMo)
  5125 | D:6      | Reached skill level 1 in Stealth
  5136 | D:6      | Reached XP level 8. HP: 34/48 MP: 9/9
  5357 | D:6      | Reached skill level 6 in Short Blades
  5447 | D:6      | Noticed Pikel
  5462 | D:6      | Killed Pikel
  5663 | D:6      | Reached skill level 5 in Fighting
  5663 | D:6      | Reached skill level 7 in Short Blades
  5735 | D:6      | Reached XP level 9. HP: 36/54 MP: 10/10
  6462 | D:6      | Reached skill level 8 in Short Blades
  7170 | D:7      | Identified the amulet "Nograarph" {Reflect +Inv rC++ Dex-4
                  | SH+5}
  7560 | D:7      | Reached skill level 1 in Slings
  7611 | D:7      | Found a runed translucent door.
  7615 | D:7      | Found a runed translucent door.
  7634 | D:7      | Gained mutation: You sometimes lose the ability to drink
                  | potions when taking damage. [Ru sacrifice]
  7634 | D:7      | Reached *** piety under Ru
  8026 | D:7      | Reached XP level 10. HP: 60/60 MP: 11/11
  8046 | D:7      | Reached skill level 9 in Short Blades
  8261 | D:7      | Reached skill level 5 in Shields
  8283 | D:7      | Reached skill level 5 in Slings
  8425 | D:7      | Noticed an eight-headed hydra
  8972 | D:8      | Slain by a wyvern

Illustrated notes

Levels and vault maps discovered:
D:1:      heliophobic_arrival_glass_houses, layout_loops_ring,
          minmay_misc_feat_columns, grunt_decor_clamped
D:2:      layout_basic, shapermc_ecumenical_altar_totnotflames
D:3:      layout_basic, lemuel_doored_altar, kennysheep_orc_sif_temple,
          uniq_jessica
D:4:      layout_gridville, minmay_temple_entry_junction
D:5:      layout_loops_ring, grunt_gozag_breadcrumbs, nicolae_overflow_squiral,
          serial_bayou, serial_bayou_lagoon_a, serial_bayou_shore_a,
          serial_bayou_crossing, serial_bayou_pond_a, serial_bayou_ford_a,
          ebering_ghost_reflecting_pool, serial_shops, nicolae_stop_n_shop_1,
          uniq_blork_the_orc
D:6:      minmay_octagon_keep, layout_gridville, fountainhead, uniq_pikel
D:7:      minmay_the_grid_triangle_9x9_rhombus_full
          [minmay_the_grid_triangle_9x9_impossible_snake,
          minmay_the_grid_triangle_9x9_checkered,
          minmay_the_grid_triangle_9x9_tough_junction,
          minmay_the_grid_triangle_9x9_stretched_checkered,
          minmay_the_grid_triangle_9x9_intruding_spiral,
          minmay_the_grid_triangle_9x9_minimal,
          minmay_the_grid_triangle_9x9_empty,
          minmay_the_grid_triangle_9x9_prize_special], layout_gridville
D:8:      layout_gridville, dpeg_oklobed_lair
Temple:   kb_temple_of_zot

Skill      XL: |  1  2  3  4  5  6  7  8  9 10 |
---------------+-------------------------------+-----
Armour         | 4 5 6 7 8 |  8.4
Short Blades   | 3 5 7 8 9 |  9.2
Dodging        | 1 2 3 |  3.1
Fighting       | 4 5 |  5.9
Stealth        | 1 2 |  2.7
Shields        | 4 5 |  5.1
Slings         | 3 5 |  5.9
Long Blades    | |  2.8

Action                   |  1- 3 |  4- 6 |  7- 9 | 10-12 || total
-------------------------+-------+-------+-------+-------++-------
Melee: Long sword        |     3 |       |       |       ||     3
       Short sword       |    65 |   104 |   243 |    98 ||   510
       Peck              |     7 |     6 |    47 |    16 ||    76
       Kick              |     8 |    33 |    85 |    27 ||   153
 Fire: Hunting sling     |       |       |    34 |    37 ||    71
Invok: Sacrifice Artific |       |       |     1 |       ||     1
       Sacrifice Drink   |       |       |     1 |       ||     1
       Draw Out Power    |       |       |       |     1 ||     1
Evoke: Wand              |       |       |     4 |       ||     4
  Use: Scroll            |       |     3 |     6 |     3 ||    12
       Potion            |       |     1 |       |     1 ||     2
 Stab: Invisible         |       |       |     2 |     1 ||     3
Armor: Scale mail        |    24 |    22 |    57 |    33 ||   136
Dodge: Dodged            |    25 |    42 |    91 |    59 ||   217
Block: Buckler           |    16 |    14 |    50 |    17 ||    97
